Cogmind - Beta 12 *** ADVENTURER MODE // 2023.04.14 @ 06:17:17 Player: SuDmit Result: Self-destructed Performance ------------- Evolutions (2) 1000 Regions Visited (9) 1800 Robots Destroyed (111) 555 Value Destroyed (3625) 3625 Prototype IDs (36) 720 Alien Tech Used (0) 0 Bonus (1977) 1977 TOTAL SCORE: 9677 Bonus ------- High Alert Combat Kills 477 Entered Garrisons 200 Used RIF Installer 1000 Aligned with FarCom 300 Cogmind --------- Core Integrity 27/550 Matter 290/300 Energy 150/150 System Corruption 1% Temperature Cool (34) Movement Hovering (90) Location -8/Materials Parts ------- > --- POWER (1) -------- Micro Fission Core > --- PROPULSION (4) --- Light Treads Antigrav System Gyrokinetic Inverter Surge Thruster > --- UTILITY (4) ------ Improved Sensor Array Signal Interpreter Advanced Targeting Computer Layered Light Armor Plating > --- WEAPON (2) ------- Plasma Cutter > --- INVENTORY (5) ---- Experimental Sensor Array Powered Armor YOLO Cannon Peak State ------------ > --- POWER ------------ Micro Fission Core > --- PROPULSION ------- Light Treads Gravmag System Antigrav System Gyrokinetic Inverter > --- UTILITY ---------- Signal Interpreter Advanced Targeting Computer Layered Light Armor Plating Powered Armor > --- WEAPON ----------- YOLO Cannon > --- INVENTORY -------- Surge Thruster Experimental Sensor Array Powered Armor Variable Charge Gun Rocket Launcher [Rating: 57] Favorites ----------- Power Ion Engine Engine Ion Engine Power Core Micro Fission Core Propulsion Light Treads Treads Light Treads Leg Aluminum Leg Wheel Wheel Hover Unit Gravmag System Flight Unit Flight Unit Utility Signal Interpreter Device Sensor Array Storage Large Storage Unit Processor Signal Interpreter Protection Layered Light Armor Plating Weapon Light Cannon Energy Gun Variable Charge Gun Energy Cannon YOLO Cannon Ballistic Gun Gauss Rifle Ballistic Cannon Light Cannon Launcher Rocket Launcher Special Weapon Plasma Cutter Build | -11 -10 -10 -9 -9 -9 -8 -8 -8 -8 ------- Run | Jun Mat Min Mat Min Exi Min Mat Gar Mat Slots Evolved 4 | . . . 2 . . . 2 . . Power . | . . . . . . . . . . Propulsion 2 | . . . . . . . 2 . . Utility 2 | . . . 2 . . . . . . Weapon . | . . . . . . . . . . Parts Attached 85 | 6 8 . 20 2 . 2 33 10 4 Power 10 | 1 . . 3 . . . 5 1 . Engine 9 | 1 . . 3 . . . 5 . . Core 1 | . . . . . . . . 1 . Reactor . | . . . . . . . . . . Propulsion 32 | 2 2 . 7 . . . 14 5 2 Treads 6 | . 2 . 1 . . . 1 2 . Leg 2 | 2 . . . . . . . . . Wheel 1 | . . . . . . . 1 . . Hover 13 | . . . 2 . . . 8 2 1 Flight 10 | . . . 4 . . . 4 1 1 Utility 20 | 1 4 . 3 1 . 1 7 2 1 Device 6 | . . . 2 1 . . 1 1 1 Storage 4 | 1 3 . . . . . . . . Processor 2 | . 1 . . . . . 1 . . Hackware . | . . . . . . . . . . Protection 8 | . . . 1 . . 1 5 1 . Artifact . | . . . . . . . . . . Weapon 23 | 2 2 . 7 1 . 1 7 2 1 Energy Gun 4 | 2 . . . . . . 1 1 . Energy Cannon 4 | . . . . . . 1 2 1 . Ballistic Gun 2 | . . . 1 . . . 1 . . Ballistic Cannon 8 | . 2 . 4 . . . 2 . . Launcher 4 | . . . 2 1 . . 1 . . Special Weapon 1 | . . . . . . . . . 1 Impact Weapon . | . . . . . . . . . . Slashing Weapon . | . . . . . . . . . . Piercing Weapon . | . . . . . . . . . . Special Melee Weapon . | . . . . . . . . . . Unidentified Prototypes 3 | . . . 1 1 . . 1 . . Parts Lost 24 | . . . 8 2 . . 7 5 2 Power 2 | . . . 1 1 . . . . . Propulsion 13 | . . . 4 1 . . 3 4 1 Utility 5 | . . . 2 . . . 2 1 . Weapon 4 | . . . 1 . . . 2 . 1 Highest Loss Streak 7 | . . . 4 2 . . 7 4 2 To Critical Strikes . | . . . . . . . . . . Average Slot Usage (%) 82 | . 97 100 77 56 44 44 74 88 96 Engine 8 | . 14 14 9 3 . . 8 6 . Treads 12 | . 26 28 11 . . . 4 11 9 Hover 7 | . . . 4 . . . 10 17 24 Flight 2 | . . . 3 14 11 11 2 4 . Device 5 | . . . 6 11 11 11 9 3 9 Storage 4 | . 14 14 6 . . . . . . Processor 14 | . 11 14 11 11 11 11 15 18 18 Protection 5 | . . . 2 . . 4 6 14 9 Energy Gun 1 | . . . . . . . . 1 7 Energy Cannon 1 | . . . . . . . 1 8 1 Ballistic Gun 3 | . . . 2 11 11 6 6 . . Ballistic Cannon 11 | . 27 28 18 . . . 4 . . Naked Turns . | . . . . . . . . . . Heaviest Build 40 | 14 31 31 36 8 4 4 40 37 24 Greatest Support 40 | 20 40 40 40 8 4 4 36 40 30 Greatest Overweight (x) 5 | 1 . . 1 . . 1 5 4 1 Average Overweight (x) . | . . . . . . . . . . Largest Inventory Capacity 25 | 8 25 15 15 5 5 5 5 5 5 Average Capacity 7 | 6 9 15 10 5 5 5 5 5 5 Most Carried 14 | 6 9 11 14 5 5 5 5 5 5 Average Carried 6 | 3 7 10 8 4 4 4 4 4 4 Final Capacity 15 | 8 15 15 5 5 5 5 5 5 5 Final Carried 11 | 6 9 11 5 5 5 5 5 5 4 Class Distribution -------------------- 52% | Mutant 18% | Scout 14% | Skirmisher 7% | Scavenger-Mutant 5% | Scavenger-Scout Dominant Class ---------------- Mutant | -10/Materials Mutant | -10/Mines Mutant | -9/Materials Mutant | -9/Mines Mutant | -9/Exiles Scout | -8/Mines Skirmisher | -8/Materials Scavenger-Mutant | -8/Garrison Scout | -8/Materials Resources | -11 -10 -10 -9 -9 -9 -8 -8 -8 -8 ----------- Run | Jun Mat Min Mat Min Exi Min Mat Gar Mat Matter Collected 2129 | 178 328 269 422 241 . . 441 221 29 Remotely . | . . . . . . . . . . Salvage Created 2708 | . 379 187 422 133 . 41 713 722 111 Parts 173 | . 30 17 51 6 . 1 34 29 5 Haulers Intercepted . | . . . . . . . . . . Recyclers Shooed . | . . . . . . . . . . Parts Field Recycled . | . . . . . . . . . . Retrieved Matter . | . . . . . . . . . . Parts Self-Destructed . | . . . . . . . . . . Prevented . | . . . . . . . . . . Kills | -11 -10 -10 -9 -9 -9 -8 -8 -8 -8 ------- Run | Jun Mat Min Mat Min Exi Min Mat Gar Mat Combat Hostiles Destroyed 101 | . 13 10 22 6 . 1 19 26 4 Guns 15 | . . . 3 3 . . 5 . 4 Cannons 53 | . 13 10 16 . . . 9 5 . AOE 26 | . . . 3 3 . . 4 16 . Classes Destroyed 9 | . 3 . 2 1 . 1 1 1 . Worker 2 | . . . . . . . 2 . . Operator 2 | . . . 1 . . . 1 . . Watcher 6 | . 2 . 1 . . . 3 . . Swarmer 41 | . 3 6 12 3 . . 7 7 3 Grunt 37 | . 10 4 4 2 . . 8 8 1 Brawler 1 | . . . . 1 . . . . . Duelist 1 | . . . . . . . . 1 . Sentry 18 | . . . 6 . . . 4 8 . Hunter 3 | . . . . . . 1 . 2 . Best Kill Streak 10 | . 5 3 9 3 . 1 4 10 3 Combat Bots Only 10 | . 5 3 9 3 . 1 3 10 3 Max Kills in Single Turn 3 | . 2 2 2 2 . 1 3 3 1 Gunslinging . | . . . . . . . . . . Exploded 3 | . . . 2 2 . . 3 2 . Melee . | . . . . . . . . . . Uniques/NPCs Destroyed . | . . . . . . . . . . Combat | -11 -10 -10 -9 -9 -9 -8 -8 -8 -8 -------- Run | Jun Mat Min Mat Min Exi Min Mat Gar Mat Damage Taken 3249 | . 215 154 774 78 . 30 844 743 411 Core 644 | . 12 24 85 . . . 181 82 260 Absorbed by Shields . | . . . . . . . . . . Core Remaining (%) 87 | 100 . 85 . . . 78 . . . Volleys Fired 181 | 1 22 15 46 7 . 1 54 24 11 Largest 2 | 2 2 2 2 2 . 1 2 2 2 Hottest 245 | 90 70 70 70 53 . 100 100 156 245 Shots Fired 309 | 2 45 32 91 9 . 1 86 27 16 Gun 86 | 2 . . 7 5 . . 59 3 10 Cannon 209 | . 45 32 81 . . 1 25 24 1 Launcher 9 | . . . 3 4 . . 2 . . Special 5 | . . . . . . . . . 5 Kinetic 218 | . 45 32 88 5 . . 48 . . Thermal 77 | 1 . . . . . 1 36 24 15 Explosive 9 | . . . 3 4 . . 2 . . Electromagnetic 5 | 1 . . . . . . . 3 1 Robot Hit Streak 32 | 2 9 21 21 8 . 9 32 6 9 Robot Miss Streak 3 | . 3 1 3 . . . 1 2 2 Penetration Max 1 | . . . . . . . 1 . . Secondary Targets 2 | . . . . . . . 2 . . Max Gunslinging Chain 1 | . . . . . . . 1 . . Shots Hit Robots 222 | 2 26 23 68 7 . 1 65 17 13 Core Hits 126 | . 17 12 33 7 . . 29 21 7 Critical Kills 7 | . . . . . . 1 1 5 . Critical Parts Destroyed 2 | . . . . . . . 2 . . Critical Strikes 17 | . 1 . 4 . . 1 5 5 1 Meltdown 7 | . . . . . . 1 1 5 . Destroy 2 | . . . . . . . 2 . . Blast 7 | . 1 . 4 . . . 2 . . Sever 1 | . . . . . . . . . 1 Melee Attacks . | . . . . . . . . . . Impact . | . . . . . . . . . . Slashing . | . . . . . . . . . . Piercing . | . . . . . . . . . . Sneak Attacks . | . . . . . . . . . . Combat Hostiles . | . . . . . . . . . . Follow-up Attacks . | . . . . . . . . . . Damage Inflicted 8873 | 25 520 457 1485 278 . 135 2301 3345 327 Guns 1238 | 25 . . 73 61 . . 729 66 284 Cannons 4901 | . 520 457 1132 . . 135 1176 1481 . Explosions 2691 | . . . 280 217 . . 396 1798 . Melee . | . . . . . . . . . . Ramming . | . . . . . . . . . . Kinetic 2976 | . 520 457 1205 61 . . 733 . . Thermal 5161 | 13 . . . . . 135 1378 3308 327 Explosive 687 | . . . 280 217 . . 190 . . Electromagnetic 49 | 12 . . . . . . . 37 . Impact . | . . . . . . . . . . Slashing . | . . . . . . . . . . Piercing . | . . . . . . . . . . Highest Corruption 2 | . 2 2 1 1 1 1 . 1 1 Average Corruption 1 | . 1 2 1 1 1 1 . 1 1 Corruption Purged . | . . . . . . . . . . Corruption Blocked . | . . . . . . . . . . Effects 38 | . 9 10 4 2 1 2 . 8 2 Message Errors 13 | . 3 3 1 1 . 1 . 2 2 Matter Fused 8 | . 1 3 1 1 . 1 . 1 . Heat Flow Errors 4 | . 1 1 1 . 1 . . . . Energy Discharges 1 | . . . . . . . . 1 . Data Loss (minor) 5 | . 2 1 1 . . . . 1 . Data Loss (major) 2 | . 1 . . . . . . 1 . Misfires 4 | . 1 2 . . . . . 1 . Alerts 1 | . . . . . . . . 1 . Overload Shots 4 | . . . . . . . . . 4 Overflow Damage 650 | . . . 31 17 . 25 124 453 . Projectiles 618 | . . . 24 . . 25 116 453 . Explosions 32 | . . . 7 17 . . 8 . . Melee . | . . . . . . . . . . Knockbacks 19 | . 8 6 5 . . . . . . Impact . | . . . . . . . . . . Kinetic 17 | . 7 5 5 . . . . . . Secondary 2 | . 1 1 . . . . . . . Self-Inflicted Damage 189 | . . . 26 30 . 30 32 71 . Shots 7 | . . . 2 1 . 1 1 2 . Rammed . | . . . . . . . . . . Targets Rammed . | . . . . . . . . . . Kicked . | . . . . . . . . . . Crushed . | . . . . . . . . . . Highest Temperature 832 | 30 170 200 214 . 95 20 142 318 832 Average Temperature 109 | 17 41 41 55 . 58 20 51 81 329 Received Heat Transfer 1446 | . 120 99 291 18 . . 495 297 126 Effects 29 | . . . 3 . . . . 3 23 Shutdowns 5 | . . . . . . . . . 5 Energy Bleed 4 | . . . . . . . . 1 3 Interference 8 | . . . 3 . . . . 2 3 Short Circuit 3 | . . . . . . . . . 3 Damage (minor) 4 | . . . . . . . . . 4 Damage (major) 2 | . . . . . . . . . 2 Damage (core) 3 | . . . . . . . . . 3 Siege Activations . | . . . . . . . . . . Robots Corrupted . | . . . . . . . . . . Combat Hostiles . | . . . . . . . . . . Parts Fried . | . . . . . . . . . . Impact Corruptions . | . . . . . . . . . . Robots Melted 8 | . . . . . . 1 2 5 . Combat Hostiles 7 | . . . . . . 1 1 5 . Parts Melted 14 | . . . . . . 2 6 5 1 Heat Transferred 5483 | 37 . . . . . 80 1842 2991 533 Parts Sabotaged . | . . . . . . . . . . Parts Stolen . | . . . . . . . . . . Parts Stripped . | . . . . . . . . . . Power Chain Reactions . | . . . . . . . . . . Missiles Intercepted . | . . . . . . . . . . Alert | -11 -10 -10 -9 -9 -9 -8 -8 -8 -8 ------- Run | Jun Mat Min Mat Min Exi Min Mat Gar Mat Peak Influence 1298 | . 321 190 328 207 . 43 233 1298 744 Initial 544 | . . 8 . 46 . . 13 108 544 Average 234 | . 133 63 139 178 . 15 55 938 683 Maximum Alert Level 4 | . 1 . 1 1 . . 1 4 3 Low Security (%) 71 | 100 65 100 77 37 . 100 98 6 . Level 1 10 | . 34 . 22 62 . . 1 4 . Level 2 3 | . . . . . . . . 8 37 Level 3 10 | . . . . . . . . 52 62 Level 4 3 | . . . . . . . . 27 . Level 5 . | . . . . . . . . . . High Security . | . . . . . . . . . . Max Security . | . . . . . . . . . . Squads Dispatched 11 | . 2 . 5 . . . 4 . . Investigation 8 | . 2 . 4 . . . 2 . . Extermination . | . . . . . . . . . . Reinforcement 2 | . . . 1 . . . 1 . . Assault . | . . . . . . . . . . Garrison 1 | . . . . . . . 1 . . Intercept . | . . . . . . . . . . Searches Triggered . | . . . . . . . . . . Construction Impeded . | . . . . . . . . . . Haulers Reinforced . | . . . . . . . . . . Active Scanning Responses . | . . . . . . . . . . Cargo Convoy Interrupts . | . . . . . . . . . . Stealth | -11 -10 -10 -9 -9 -9 -8 -8 -8 -8 --------- Run | Jun Mat Min Mat Min Exi Min Mat Gar Mat Distress Signals 7 | . 1 . 3 . . . 2 . 1 Communications Jammed . | . . . . . . . . . . Distress Signals . | . . . . . . . . . . Times Spotted 126 | . 18 10 30 6 . . 29 24 9 Peak Tracking Total 10 | . 4 3 7 3 . . 5 10 4 Tactical Retreats 10 | . . . 1 . . . 4 4 1 Traps | -11 -10 -10 -9 -9 -9 -8 -8 -8 -8 ------- Run | Jun Mat Min Mat Min Exi Min Mat Gar Mat Traps Triggered 4 | . 1 . 1 . . . 1 1 . Indirectly . | . . . . . . . . . . Trap Hack Attempts . | . . . . . . . . . . Triggered . | . . . . . . . . . . Disarmed . | . . . . . . . . . . Reprogrammed . | . . . . . . . . . . Reused . | . . . . . . . . . . Traps Extracted . | . . . . . . . . . . Installed . | . . . . . . . . . . Triggered . | . . . . . . . . . . Machines | -11 -10 -10 -9 -9 -9 -8 -8 -8 -8 ---------- Run | Jun Mat Min Mat Min Exi Min Mat Gar Mat Machines Disabled 8 | . 2 . . . . . 1 5 . Max in Single Turn 2 | . 1 . . . . . 1 2 . Garrison Relay 1 | . . . . . . . . 1 . Phase Generator 1 | . . . . . . . . 1 . Machines Repaired . | . . . . . . . . . . Machines Sabotaged . | . . . . . . . . . . Overloaded Fab Kills . | . . . . . . . . . . Hacking | -11 -10 -10 -9 -9 -9 -8 -8 -8 -8 --------- Run | Jun Mat Min Mat Min Exi Min Mat Gar Mat Machines Accessed 41 | . 10 1 9 . 2 . 9 4 6 Terminals 29 | . 8 1 6 . . . 6 4 4 Fabricators . | . . . . . . . . . . Repair Stations 2 | . . . 1 . . . 1 . . Recycling Units 4 | . 2 . . . . . 1 . 1 Scanalyzers 2 | . . . 2 . . . . . . Garrison Access 2 | . . . . . . . 1 . 1 Total Hacks 151 | . 36 3 29 . 2 . 34 11 36 Successful 87 | . 17 2 18 . 2 . 20 3 25 Failed 63 | . 18 1 11 . . . 14 8 11 Catastrophic 4 | . . . . . . . . 4 . Database Lockouts 1 | . 1 . . . . . . . . Manual 123 | . 33 . 26 . 1 . 27 4 32 Terminals 115 | . 28 3 25 . . . 23 11 25 Fabricators . | . . . . . . . . . . Repair Stations 2 | . . . 1 . . . 1 . . Recycling Units 19 | . 8 . . . . . 5 . 6 Scanalyzers 3 | . . . 3 . . . . . . Garrison Access 10 | . . . . . . . 5 . 5 Terminal Hacks 32 | . 5 2 4 . 2 . 4 3 12 Record 2 | . . . . . 1 . . . 1 Robot Analysis 7 | . 3 . 1 . . . . . 3 Prototype ID Bank 6 | . 1 . 2 . . . 1 . 2 Level Access Points 1 | . . . . . . . . . 1 Branch Access Points 2 | . . . . . . . 1 . 1 Emergency Access Points 2 | . . . . . . . 1 1 . Terminal Index 1 | . . . . . . . . . 1 Garrison Index 1 | . . . . . . . . . 1 Unreport Threat 1 | . . . 1 . . . . . . Locate Traps 1 | . 1 . . . . . . . . Dispatch Records 2 | . . 1 . . . . . . 1 Zone Layout 3 | . . 1 . . . . 1 . 1 Garrison Registry 1 | . . . . . . . . 1 . Patrol Navigation 1 | . . . . . . . . 1 . EX-Prototype ID Bank 1 | . . . . . 1 . . . . Fabricator Hacks . | . . . . . . . . . . Repair Station Hacks 2 | . . . 1 . . . 1 . . Refit 2 | . . . 1 . . . 1 . . Recycling Unit Hacks 2 | . . . . . . . 1 . 1 Retrieve Components 2 | . . . . . . . 1 . 1 Scanalyzer . | . . . . . . . . . . Garrison Access Hacks 3 | . . . . . . . 1 . 2 Unlock Access 2 | . . . . . . . 1 . 1 Coupler Status 1 | . . . . . . . . . 1 Unauthorized Hacks 48 | . 12 . 13 . . . 13 . 10 Terminals 34 | . 9 . 11 . . . 9 . 5 Botnet 21 | . 7 . 6 . . . 5 . 3 Disrupt 10 | . 1 . 4 . . . 3 . 2 Operators 3 | . 1 . 1 . . . 1 . . Fabricators . | . . . . . . . . . . Repair Stations . | . . . . . . . . . . Recycling Units 8 | . 3 . . . . . 2 . 3 Monitor 3 | . 1 . . . . . 1 . 1 Reject 3 | . 1 . . . . . 1 . 1 Mask 2 | . 1 . . . . . . . 1 Scanalyzers 2 | . . . 2 . . . . . . Extract 2 | . . . 2 . . . . . . Garrison Access 4 | . . . . . . . 2 . 2 Broadcast 2 | . . . . . . . 1 . 1 Watchers 2 | . . . . . . . 1 . 1 Data Cores Recovered 1 | . . . . . . . 1 . . Used . | . . . . . . . . . . Hacking Detections 33 | . 9 1 7 . . . 8 4 4 Full Trace Events 12 | . 5 . 1 . . . 2 4 . Feedback Events 4 | . 2 . 1 . . . . 1 . Corruption 4 | . 2 . 1 . . . . 1 . Feedback Blocked . | . . . . . . . . . . Robot Schematics Acquired . | . . . . . . . . . . Robots Built . | . . . . . . . . . . Authchips . | . . . . . . . . . . Time . | . . . . . . . . . . Total Robot Build Rating . | . . . . . . . . . . Part Schematics Acquired 6 | . . . 6 . . . . . . Parts Built . | . . . . . . . . . . Authchips . | . . . . . . . . . . Time . | . . . . . . . . . . Total Part Build Rating . | . . . . . . . . . . Parts Repaired . | . . . . . . . . . . Time . | . . . . . . . . . . Parts Recycled . | . . . . . . . . . . Recycled Matter . | . . . . . . . . . . Retrieved Matter . | . . . . . . . . . . Retrieved Components 11 | . . . . . . . 9 . 2 Parts Scanalyzed . | . . . . . . . . . . Part Schematics Acquired . | . . . . . . . . . . Parts Damaged . | . . . . . . . . . . Bothacking | -11 -10 -10 -9 -9 -9 -8 -8 -8 -8 ------------ Run | Jun Mat Min Mat Min Exi Min Mat Gar Mat Used RIF Installer 2 | . . . . . . . . 2 . Robot Detection 1 | . . . . . . . . 1 . Robots Hacked . | . . . . . . . . . . Non-combat . | . . . . . . . . . . Combat . | . . . . . . . . . . Robot Hacks Applied . | . . . . . . . . . . Relay Couplers Released 5 | . . . . . . . . 5 . Machine Destruction 5 | . . . . . . . . 5 . Fabnet Peak Effective % . | . . . . . . . . . . Robots Rewired . | . . . . . . . . . . Allies Hacked . | . . . . . . . . . . Hacks Repelled . | . . . . . . . . . . Allies | -11 -10 -10 -9 -9 -9 -8 -8 -8 -8 -------- Run | Jun Mat Min Mat Min Exi Min Mat Gar Mat Total Allies . | . . . . . . . . . . Largest Group . | . . . . . . . . . . Highest-Rated Group . | . . . . . . . . . . Highest-Rated Ally . | . . . . . . . . . . Total Orders . | . . . . . . . . . . Ally Attacks . | . . . . . . . . . . Total Damage . | . . . . . . . . . . Kills . | . . . . . . . . . . Allies Corrupted . | . . . . . . . . . . Allies Melted . | . . . . . . . . . . Intel | -11 -10 -10 -9 -9 -9 -8 -8 -8 -8 ------- Run | Jun Mat Min Mat Min Exi Min Mat Gar Mat Robot Analysis Total 7 | . 3 . 1 . . . . . 3 Derelict Logs Recovered 3 | . . 1 . 2 . . . . . Drone Launches . | . . . . . . . . . . Drone Recoveries . | . . . . . . . . . . Exploration | -11 -10 -10 -9 -9 -9 -8 -8 -8 -8 ------------- Run | Jun Mat Min Mat Min Exi Min Mat Gar Mat Turns Passed 7340 | 84 1020 898 817 179 233 238 2495 959 417 Spaces Moved 5018 | 59 555 528 577 397 578 312 1159 626 227 Core 149 | 7 . . 2 . . 83 57 . . Treads 1708 | . 528 528 218 . . . 222 212 . Legs 79 | 52 27 . . . . . . . . Wheels 28 | . . . . . . . 28 . . Hover 1458 | . . . 113 . . . 704 414 227 Flight 1596 | . . . 244 397 578 229 148 . . Fastest Speed 37 | 50 120 160 37 37 40 40 40 48 75 Average Speed 96 | 112 158 160 92 38 40 55 89 110 88 Slowest Speed 300 | 120 160 160 240 40 40 100 300 300 131 Overloaded Moves . | . . . . . . . . . . Propulsion Burnouts . | . . . . . . . . . . Robots Hopped 4 | . . . 1 3 . . . . . Cave-ins Triggered . | . . . . . . . . . . Exploration Rate (%) 66 | 3 94 94 58 81 92 62 68 77 31 Regions Visited 9 Branch Regions 4 Pre-discovered Areas . | . . . . . . . . . . Known Exits Taken 7 | . 1 1 1 1 1 1 1 . . Unknown Exits Taken 1 | 1 . . . . . . . . . Scrap Searched 4 | . . 3 . 1 . . . . . Spaces Dug 8 | . . . . . . . 6 2 . Terrain Destroyed 471 | . . . 15 27 . 13 150 266 . Melee . | . . . . . . . . . . Projectile 14 | . . . . . . . 10 4 . AOE 457 | . . . 15 27 . 13 140 262 . Terrain Rammed . | . . . . . . . . . . Walls Destroyed . | . . . . . . . . . . Machines Disabled . | . . . . . . . . . . Actions | -11 -10 -10 -9 -9 -9 -8 -8 -8 -8 --------- Run | Jun Mat Min Mat Min Exi Min Mat Gar Mat Total 7152 | 71 655 551 766 410 580 373 2501 824 421 Wait 1785 | . 52 7 105 2 . 56 1231 156 176 Move 5001 | 58 554 527 574 390 577 311 1158 625 227 Hop 4 | . . . 1 3 . . . . . Pick Up 39 | 6 10 2 8 1 1 1 6 3 1 Fast Attach 41 | 6 1 . 7 1 . . 18 6 2 Attach 14 | . . . 6 . . 2 3 2 1 Detach 4 | . . . . 2 . 1 1 . . Swap 30 | . 7 . 7 1 . . 12 2 1 Drop 53 | . 9 . 12 3 2 1 18 6 2 Fire 181 | 1 22 15 46 7 . 1 54 24 11 Melee . | . . . . . . . . . . Ram . | . . . . . . . . . . Kick . | . . . . . . . . . . Crush . | . . . . . . . . . . Escape Stasis . | . . . . . . . . . . Rewire . | . . . . . . . . . . Trap . | . . . . . . . . . . Miscellaneous . | . . . . . . . . . . Route ------- -11/Junkyard -10/Materials (discovered 4 exits: *Mat x3 / *Min) -10/Mines (discovered 2 exits: *Mat x2) -9/Materials -9/Mines (discovered 3 exits: Mat / *Exi / *Zio) -9/Exiles -8/Mines -8/Materials (discovered 4 exits: *Fac x2 / Sto / Gar) -8/Garrison (discovered 3 exits: *Mat x3) -8/Materials (discovered 6 exits: Fac x3 / Sto x2 / Gar) History --------- Turn | Location | Event 11 | -11/Junkyard | Discovered new exit (range 15) 85 | -11/Junkyard | Entered Materials 318 | -10/Materials | Build established: Mutant 573 | -10/Materials | Discovered new exit (range 4) 578 | -10/Materials | Identified exit to Materials 828 | -10/Materials | Discovered exit to Materials (range 5) 876 | -10/Materials | Central database locked down 891 | -10/Materials | Discovered new exit (range 7) 915 | -10/Materials | Identified exit to Mines 980 | -10/Materials | Discovered exit to Materials (range 4) 1105 | -10/Materials | Entered Mines 1160 | -10/Mines | Discovered exit to Materials (range 7) 1328 | -10/Mines | Learned Materials security intel 1427 | -10/Mines | Discovered exit to Materials (range 13) 1434 | -10/Mines | Received a Rocket Launcher from a helpful Derelict 2003 | -10/Mines | Entered Materials 2003 | -9/Materials | Evolved 2 slots: Utility x2 2491 | -9/Materials | Discovered new exit (range 8) 2496 | -9/Materials | Identified exit to Mines 2642 | -9/Materials | Destroyed 9 combat bots 2648 | -9/Materials | Lost 4 parts (1p2n1u) 2820 | -9/Materials | Entered Mines 2841 | -9/Mines | Found a hidden stash of uninstalled traps 2845 | -9/Mines | A Derelict revealed a hidden shortcut to a safe place 2845 | -9/Mines | Met a Derelict bent on vengeance 2851 | -9/Mines | Identified exit to Zion 2859 | -9/Mines | Identified exit to Materials 2877 | -9/Mines | Learned Materials stockpile data 2919 | -9/Mines | Found a damaged Exp. Sensor Array with a note attached 2920 | -9/Mines | Found Prototype Device 2920 | -9/Mines | Identified Exp. Sensor Array 2997 | -9/Mines | Deemed a non-threat by the Exiles lab entrance 2997 | -9/Mines | Discovered new exit (range 5) 2998 | -9/Mines | Identified exit to Exiles 2999 | -9/Mines | Entered Exiles 3010 | -9/Exiles | Met 8R-AWN 3018 | -9/Exiles | Met EX-HEX 3031 | -9/Exiles | Met EX-BIN 3061 | -9/Exiles | Aligned with FarCom system 3061 | -9/Exiles | Given EX-Vault access code 3070 | -9/Exiles | Opened EX-Vault 3074 | -9/Exiles | Found YOLO Cannon 3084 | -9/Exiles | Warned to stay clear of 0b10 Research branches 3094 | -9/Exiles | Met EX-DEC 3117 | -9/Exiles | Visited The Gauntlet 3228 | -9/Exiles | Discovered new exit (range 14) 3232 | -9/Exiles | Identified exit to Mines 3232 | -9/Exiles | Left Exiles lab with YOLO Cannon 3232 | -9/Exiles | Entered Mines 3439 | -8/Mines | Discovered exit to Materials (range 8) 3470 | -8/Mines | Entered Materials 3470 | -8/Materials | Evolved 2 slots: Propulsion x2 3713 | -8/Materials | Lost 7 parts (3n2u2w) 4016 | -8/Materials | Build established: Skirmisher 4128 | -8/Materials | Discovered new exit (range 14) 4165 | -8/Materials | Identified exit to Factory 4913 | -8/Materials | Build established: Mutant 5161 | -8/Materials | Garrison activated, responded to threat 5189 | -8/Materials | Discovered exit to Factory (range 6) 5241 | -8/Materials | Identified exit to Garrison 5447 | -8/Materials | Build established: Scavenger-Scout 5606 | -8/Materials | Found Powered Armor 5607 | -8/Materials | Found Powered Armor 5893 | -8/Materials | Build established: Scout 5906 | -8/Materials | Identified exit to Storage 5965 | -8/Materials | Entered Garrison 5994 | -8/Garrison | Triggered checkpoint 6064 | -8/Garrison | Phase Generator disabled 6077 | -8/Garrison | Installed Relay Interface Framework 6136 | -8/Garrison | Triggered checkpoint 6183 | -8/Garrison | Lost 4 parts (3n1u) 6185 | -8/Garrison | Destroyed 10 combat bots 6414 | -8/Garrison | Discovered new exit (range 14) 6434 | -8/Garrison | Identified exit to Materials 6540 | -8/Garrison | Triggered checkpoint 6542 | -8/Garrison | Build established: Scavenger-Mutant 6556 | -8/Garrison | Garrison Relay disabled 6606 | -8/Garrison | Triggered checkpoint 6741 | -8/Garrison | Discovered exit to Materials (range 12) 6741 | -8/Garrison | Discovered exit to Materials (range 56) 6741 | -8/Garrison | Discovered exit to Materials (range 49) 6783 | -8/Garrison | Expanded RIF knowledge: Robot Detection 6924 | -8/Garrison | Entered Materials 7022 | -8/Materials | Identified exit to Garrison 7265 | -8/Materials | Core integrity fell below 50% 7267 | -8/Materials | Build established: Scout 7285 | -8/Materials | Core integrity fell below 20% 7341 | -8/Materials | Self-destructed Last Messages --------------- Downloading prototype IDs... Mni. Assault Cannon Adv. EMP Blaster 07290_ Overheating: Plasma Cutter damaged (-2). 07290_ Overheating: Gyrokinetic Inverter damaged (-34). 07290_ K-01 Serf cleans the Purification Channel. 07292_ Overheating: System interference. 07292_ Plasma Cutter temporarily disabled. 07293_ Power failure, Mic. Fission Core shutdown. 07295_ Overheating: Core damaged (-71). 07295_ K-01 Serf cleans the Purification Channel. 07296_ Overheating: Lyr. Light Armor Plating damaged (-59). 07301_ Surge Thruster broken. 07301_ Overheating: Short circuit. 07303_ Power failure, Mic. Fission Core shutdown. 07303_ K-01 Serf cleans the Purification Channel. 07304_ Antigrav System broken. 07304_ Overheating: Short circuit. 07312_ Purification Channel disabled. 07341_ K-01 Serf cleans the Pressure Siphon. Map ----- +----------------------------------------------------+ | ?????# ####################????????????? ??????? | | ??# + #????????????? ?????? | | ?????#+####### " " #???????????## #?????? | | ?????????????# """ """ #??????????? #?????? | | ?????????????# "" "" #??????????? #?????? | | ?????????????# """ "" #??????????? #?????? | | ?????????????# "" "" #???????????? #?????? | | ?????????????# """ """ #???????????? #?????? | | ?????????????# """ """ #???????????? #?????? | | ?????????????# """ """ #????????????# #?????? | | ?????????????# " " #????????????# #?????? | | ?????????????# #????????????# #?????? | | ?????????????# #????????????# #?????? | | ?????????????#######+################### #?????? | | ?????????????????# gg #?##### | | ????????????????## #? | | ????????????????#T """" / # """ | | ????????########## """" # """ | | ????????# # """" + """ | | ????????#[ """ # ############# # | | ????????# """ # #???????????# # | | ????????# """ # """" ##??????????# #?##### | | ????????# ] """ # """"k #??????????# #?????? | | ????????# """ # """" #??????????# #?????? | | ????????# %+ +??????????# #?????? | | ????????# * ] # @###??????????# #?????? | | ????????# # /*!T#???????????# #?????? | | ????????########## /*!##???????????# #?????? | | ????????#######?# /! #####+########w #?????? | | ????????# # #?????? | | ????????# # ####### | | ????????# """ + ! g | | ????????# """ # | | ????????# """ # g | | ????????# ?# ############ | | ?????????######?####+######## ????????# = | | ?????????????????? ????? ????????# | | ???????????????? ???#########?????????# | | ?????????????? ???????????????????# | | ?????????????# #??????????????????# | | ?????????????# #??????????????????# | | ?????????????# #??????????????????# | | ?????????????###############??????????????????#### | | | | | | | | | | | | | | | +----------------------------------------------------+ Best States ------------- Heat Dissipation 31 Energy Generation 15 Energy Capacity 280 Matter Stores 300 Matter Capacity 300 Sight Range 16 Robot Scan Range 20 Terrain Scan Density 10 Additional Mass Support 9 Armor Coverage 550 Resistance: KI 50 Resistance: TH 20 Resistance: EX 20 Resistance: EM 20 Resistance: I 20 Resistance: S 20 Resistance: P 20 Evasion (%) 62 Targeting Accuracy 8 Recoil Reduction 2 Offensive Hacking 10 Item Schematics ----------------- Huge Storage Unit | -9/Materials | Extracted Weight Redist. System | -9/Materials | Extracted Aluminum Leg | -9/Materials | Extracted Wheel | -9/Materials | Extracted Tractor Beam | -9/Materials | Extracted ECM Suite | -9/Materials | Extracted Robot Schematics ------------------ None Fabricated ------------ Nothing Alien Tech Used ----------------- None Achievements -------------- None Challenges ------------ None Game ------ Seed ArmorCryofiberMace Manual? 0 Play Time 01:43:43 Cumulative 147.8 hours Start 2023.03.26 @ 21:31:40 End 2023.04.14 @ 06:17:17 Sessions 3 Manual Loads 0 Difficulty Adventurer Special Mode None Game No. 36 Rogue 0 Adventurer 36 Explorer 0 Win Type - Total 1 Types 1/0/0/0/0/0/0/0/0 Lore% 59 Gallery% 65 Achievement% 55 Wizard Run 0 Options --------- ASCII 0 Keyboard 0 Movement Mouse Keybinds 0 Fullscreen 1 Font 14/SmallcapsGlow Map View 72x54 Tactical HUD 1 Map Filters NONE Filters NONE Steam 1 RUN: 7dabab1a-2dc4-4c90-b652-e25830bbf55c